MID
HAGERSTOWN SUNS @ KANE COUNTY COUGARS
04/20/2048
 
TOP OF THE 1ST
Hagerstown Suns batting - Pitching for Kane County Cougars : RHP Reynaldo Edwards
Pitching: RHP Reynaldo Edwards
Batting: RHB Victor Cintron 0-0: Foul Ball, location: 2F
0-1: Swinging Strike
0-2: Ball
1-2: Strikes out swinging
Batting: RHB Antonio Vallez 0-0: Called Strike
0-1: Fly out, F8 (Flyball, 8LXD, EV 105.0 MPH)
Batting: LHB Chance McWilliams 0-0: Ball
1-0: Ball
2-0: Called Strike
2-1: Swinging Strike
2-2: Strikes out looking
Top of the 1st over - 0 runs, 0 hits, 0 errors, 0 left on base; Hagerstown 0 - Kane County 0
BOTTOM OF THE 1ST
Kane County Cougars batting - Pitching for Hagerstown Suns : RHP Gary Simmons
Pitching: RHP Gary Simmons
Batting: RHB D.J. Cooke 0-0: Called Strike
0-1: Foul Ball, location: 2F
0-2: Hit by Pitch
Batting: RHB Longfellow Wetzler 0-0: Ball
1-0: Foul Ball, location: 2F
1-1: Ball
2-1: Ball
3-1: Base on Balls
D.J. Cooke to second
Batting: LHB J.P. Olson 0-0: Foul Ball, location: 2F
0-1: Ball
1-1: Ball
2-1: DOUBLE (Line Drive, 3D, EV 103.1 MPH)
D.J. Cooke scores
Longfellow Wetzler to third
Batting: SHB John Cummings 0-0: Called Strike
0-1: Foul Ball, location: 2F
0-2: Strikes out looking
Batting: RHB Dustin Legault 0-0: Ball
1-0: Swinging Strike
1-1: Fly out, F7 (Line Drive, 7, EV 91.2 MPH)
Runner from 3rd tags up, OUT at HOME! 7-2
Bottom of the 1st over - 1 run, 1 hit, 0 errors, 1 left on base; Hagerstown 0 - Kane County 1
TOP OF THE 2ND
Hagerstown Suns batting - Pitching for Kane County Cougars : RHP Reynaldo Edwards
Batting: RHB Deshawn Boseman 0-0: Ball
1-0: Ball
2-0: Called Strike
2-1: Foul Ball, location: 2F
2-2: Ball
3-2: Foul Ball, location: 2F
3-2: Strikes out looking
Batting: RHB Nick Moreno 0-0: Ball
1-0: Ball
2-0: Called Strike
2-1: Ball
3-1: Foul Ball, location: 2F
3-2: Foul Ball, location: 2F
3-2: Strikes out swinging
Batting: RHB Steve Bauman 0-0: Swinging Strike
0-1: Ball
1-1: Ball
2-1: Foul Ball, location: 2F
2-2: SINGLE (Groundball, 4D, EV 99.4 MPH)
Batting: SHB Curtis DeLille 0-0: Called Strike
0-1: Called Strike
0-2: Foul Ball, location: 2F
0-2: DOUBLE (Line Drive, 7LS, EV 106.2 MPH)
Steve Bauman to third
Batting: RHB Jelexiz Cuenca 0-0: Ball
1-0: Called Strike
1-1: SINGLE (Groundball, 4MD, EV 100.6 MPH)
Steve Bauman scores
Curtis DeLille to third
Batting: RHB John Gibbs 0-0: Called Strike
0-1: SINGLE (Groundball, 6MD, EV 105.0 MPH)
Curtis DeLille scores
Jelexiz Cuenca to second
Runner from 2nd tries for 3rd, SAFE, throw by CF made to third
John Gibbs to second
Batting: RHB Victor Cintron 0-0: Ball
1-0: Foul Ball, location: 2F
1-1: Swinging Strike
1-2: Ball
2-2: Ball
3-2: Foul Ball, location: 2F
3-2: Strikes out swinging
Top of the 2nd over - 2 runs, 4 hits, 0 errors, 2 left on base; Hagerstown 2 - Kane County 1
BOTTOM OF THE 2ND
Kane County Cougars batting - Pitching for Hagerstown Suns : RHP Gary Simmons
Batting: RHB Sergio Manzanero 0-0: Called Strike
0-1: Foul Ball, location: 2F
0-2: Foul Ball, location: 2F
0-2: Ball
1-2: Strikes out swinging
Batting: LHB Jeff Trapp 0-0: Foul Ball, location: 2F
0-1: Called Strike
0-2: SINGLE (Line Drive, 8RS, EV 113.1 MPH)
Batting: RHB Gary Hills 0-0: Called Strike
0-1: Ball
1-1: Called Strike
Jeff Trapp is caught stealing 2nd base 2-4
1-2: Ground out 6-3 (Groundball, 56D, EV 84.4 MPH)
Bottom of the 2nd over - 0 runs, 1 hit, 0 errors, 0 left on base; Hagerstown 2 - Kane County 1
TOP OF THE 3RD
Hagerstown Suns batting - Pitching for Kane County Cougars : RHP Reynaldo Edwards
Batting: RHB Antonio Vallez 0-0: Called Strike
0-1: Foul Ball, location: 2F
0-2: Foul Ball, location: 2F
0-2: Ball
1-2: Foul Ball, location: 2F
1-2: Ball
2-2: SINGLE (Groundball, 34D, EV 99.4 MPH)
Batting: LHB Chance McWilliams 0-0: Ball
1-0: Ball
Antonio Vallez steals 2nd base
2-0: Called Strike
2-1: Ground out 4-3 (Groundball, 4D, EV 102.5 MPH)
Antonio Vallez to third
Batting: RHB Deshawn Boseman 0-0: Ground out 3-1 (Groundball, 13, EV 86.2 MPH)
Antonio Vallez scores
Batting: RHB Nick Moreno 0-0: Ball
1-0: Foul Ball, location: 2F
1-1: Called Strike
1-2: Foul Ball, location: 2F
1-2: Ball
2-2: Ball
3-2: Fly out, F8 (Line Drive, 8RM, EV 93.1 MPH)
Top of the 3rd over - 1 run, 1 hit, 0 errors, 0 left on base; Hagerstown 3 - Kane County 1
BOTTOM OF THE 3RD
Kane County Cougars batting - Pitching for Hagerstown Suns : RHP Gary Simmons
Batting: RHB Ernesto Zamora 0-0: Ball
1-0: Ball
2-0: Ball
3-0: Called Strike
3-1: Fly out, F9 (Line Drive, 9, EV 105.0 MPH)
Batting: RHB D.J. Cooke 0-0: Ball
1-0: Called Strike
1-1: SINGLE (Groundball, 6M, EV 96.2 MPH) (infield hit)
Batting: RHB Longfellow Wetzler 0-0: Called Strike
0-1: Ball
1-1: SINGLE (Line Drive, 4MD, EV 101.9 MPH)
D.J. Cooke to second
Batting: LHB J.P. Olson 0-0: Ball
1-0: Fly out, F7 (Flyball, 78M, EV 88.8 MPH)
Batting: SHB John Cummings 0-0: Ball
1-0: Called Strike
1-1: Called Strike
1-2: Foul Ball, location: 2F
1-2: Foul Ball, location: 2F
1-2: Strikes out swinging
Bottom of the 3rd over - 0 runs, 2 hits, 0 errors, 2 left on base; Hagerstown 3 - Kane County 1
TOP OF THE 4TH
Hagerstown Suns batting - Pitching for Kane County Cougars : RHP Reynaldo Edwards
Batting: RHB Steve Bauman 0-0: Ball
1-0: Called Strike
1-1: Ball
2-1: Foul Ball, location: 2F
2-2: Foul Ball, location: 2F
2-2: Hit by Pitch
Batting: SHB Curtis DeLille 0-0: Ball
1-0: Swinging Strike
1-1: Swinging Strike
1-2: Ball
2-2: Foul Ball, location: 2F
2-2: Foul Ball, location: 2F
2-2: Grounds into double play, 6-4-3 (Groundball, 6M, EV 101.9 MPH)
Batting: RHB Jelexiz Cuenca 0-0: DOUBLE (Flyball, 8LXD, EV 103.1 MPH)
Batting: RHB John Gibbs 0-0: Ball
1-0: Called Strike
1-1: DOUBLE (Line Drive, 7LS, EV 93.8 MPH)
Jelexiz Cuenca scores
Batting: RHB Victor Cintron 0-0: Called Strike
0-1: Ball
1-1: Fly out, F6 (Line Drive, 6, EV 74.4 MPH)
Top of the 4th over - 1 run, 2 hits, 0 errors, 1 left on base; Hagerstown 4 - Kane County 1
BOTTOM OF THE 4TH
Kane County Cougars batting - Pitching for Hagerstown Suns : RHP Gary Simmons
Batting: RHB Dustin Legault 0-0: Ball
1-0: Foul Ball, location: 2F
1-1: Called Strike
1-2: Foul Ball, location: 2F
1-2: Foul Ball, location: 2F
1-2: Ball
2-2: Strikes out swinging
Pitching: RHP Chris Bonham
Batting: RHB Sergio Manzanero 0-0: Ball
1-0: Ball
2-0: Called Strike
2-1: Called Strike
2-2: Foul Ball, location: 2F
2-2: SINGLE (Groundball, 15S, EV 71.9 MPH) (infield hit)
Batting: LHB Jeff Trapp 0-0: Foul Ball, location: 2F
0-1: Ball
1-1: Called Strike
1-2: Foul Ball, location: 2F
1-2: Ball
2-2: Foul Ball, location: 2F
2-2: Strikes out swinging
Batting: RHB Gary Hills 0-0: Called Strike
0-1: Fielders Choice at 2nd, 6-4 (Groundball, 6, EV 94.4 MPH)
Bottom of the 4th over - 0 runs, 1 hit, 0 errors, 1 left on base; Hagerstown 4 - Kane County 1
TOP OF THE 5TH
Hagerstown Suns batting - Pitching for Kane County Cougars : RHP Reynaldo Edwards
Batting: RHB Antonio Vallez 0-0: Ball
1-0: Ball
2-0: Swinging Strike
2-1: Ground out 5-3 (Groundball, 56S, EV 86.9 MPH)
Batting: LHB Chance McWilliams 0-0: Called Strike
0-1: Foul Ball, location: 2F
0-2: Ball
1-2: Ball
2-2: Foul Ball, location: 2F
2-2: Ground out 4-3 (Groundball, 34D, EV 105.0 MPH)
Batting: RHB Deshawn Boseman 0-0: Swinging Strike
0-1: Called Strike
0-2: Foul Ball, location: 2F
0-2: Ball
1-2: Ball
2-2: Strikes out swinging
Top of the 5th over - 0 runs, 0 hits, 0 errors, 0 left on base; Hagerstown 4 - Kane County 1
BOTTOM OF THE 5TH
Kane County Cougars batting - Pitching for Hagerstown Suns : RHP Chris Bonham
Batting: RHB Ernesto Zamora 0-0: Called Strike
0-1: Ball
1-1: SOLO HOME RUN (Line Drive, 7D, EV 102.5 MPH), Distance : 377 ft
Batting: RHB D.J. Cooke 0-0: Ground out 4-3 (Groundball, 4, EV 87.5 MPH)
Batting: RHB Longfellow Wetzler 0-0: Ball
1-0: Ball
2-0: Called Strike
2-1: Foul Ball, location: 2F
2-2: Ball
3-2: Strikes out swinging
Batting: LHB J.P. Olson 0-0: Swinging Strike
0-1: Foul Ball, location: 2F
0-2: Strikes out looking
Bottom of the 5th over - 1 run, 1 hit, 0 errors, 0 left on base; Hagerstown 4 - Kane County 2
TOP OF THE 6TH
Hagerstown Suns batting - Pitching for Kane County Cougars : RHP Reynaldo Edwards
Batting: RHB Nick Moreno 0-0: Ball
1-0: Ball
2-0: Foul Ball, location: 2F
2-1: Swinging Strike
2-2: Strikes out swinging
Pitching: LHP Jeff Haight
Batting: RHB Steve Bauman 0-0: Called Strike
0-1: Ball
1-1: Ball
2-1: SINGLE (Line Drive, 34D, EV 96.2 MPH)
Batting: SHB Curtis DeLille 0-0: Called Strike
0-1: Ball
1-1: Swinging Strike
1-2: Strikes out looking
Batting: RHB Jelexiz Cuenca 0-0: Ball
1-0: Called Strike
1-1: Fielders Choice at 2nd, 6-4 (Groundball, 6, EV 85.6 MPH)
Top of the 6th over - 0 runs, 1 hit, 0 errors, 1 left on base; Hagerstown 4 - Kane County 2
BOTTOM OF THE 6TH
Kane County Cougars batting - Pitching for Hagerstown Suns : RHP Chris Bonham
Batting: SHB John Cummings 0-0: Ball
1-0: Called Strike
1-1: Foul Ball, location: 2F
1-2: Foul Ball, location: 2F
1-2: Ball
2-2: Ball
3-2: Base on Balls
Batting: RHB Dustin Legault 0-0: Called Strike
0-1: Ball
1-1: Ball
2-1: Ball
3-1: Foul Ball, location: 2F
3-2: Base on Balls
John Cummings to second
Batting: RHB Sergio Manzanero 0-0: Called Strike
0-1: Ball
1-1: Swinging Strike
1-2: Foul Ball, location: 2F
1-2: Strikes out swinging
Pitching: RHP Steve Barnes
Batting: LHB Jeff Trapp 0-0: Foul Ball, location: 2F
0-1: Fielders Choice at 2nd, 3-6 (Groundball, 34, EV 83.8 MPH)
John Cummings to third
Batting: RHB Gary Hills 0-0: Foul Ball, location: 2F
0-1: Ball
1-1: Foul Ball, location: 2F
1-2: Foul Ball, location: 2F
1-2: Foul Ball, location: 2F
1-2: SINGLE (Groundball, 25, EV 75.0 MPH) (infield hit)
John Cummings scores
Jeff Trapp to second
Batting: RHB Ernesto Zamora 0-0: Ball
1-0: Ball
2-0: Fielders Choice at 2nd, 6-4 (Groundball, 6, EV 87.5 MPH)
Bottom of the 6th over - 1 run, 1 hit, 0 errors, 2 left on base; Hagerstown 4 - Kane County 3
TOP OF THE 7TH
Hagerstown Suns batting - Pitching for Kane County Cougars : LHP Jeff Haight
Batting: RHB John Gibbs 0-0: Ground out 5-3 (Groundball, 56, EV 102.5 MPH)
Batting: RHB Victor Cintron 0-0: Called Strike
0-1: Swinging Strike
0-2: Strikes out swinging
Batting: RHB Antonio Vallez 0-0: Ball
1-0: Ball
2-0: Foul Ball, location: 2F
2-1: Fly out, F7 (Flyball, 78M, EV 89.4 MPH)
Top of the 7th over - 0 runs, 0 hits, 0 errors, 0 left on base; Hagerstown 4 - Kane County 3
BOTTOM OF THE 7TH
Kane County Cougars batting - Pitching for Hagerstown Suns : RHP Steve Barnes
Pitching: LHP Anton Erlykov
Batting: RHB D.J. Cooke 0-0: Ball
1-0: DOUBLE (Line Drive, 9LM, EV 110.6 MPH)
Batting: RHB Longfellow Wetzler 0-0: Ball
1-0: Ball
2-0: Bunted foul
2-1: Sac Bunt to 2L - play at first, batter OUT! 2-4
D.J. Cooke to third
Batting: LHB J.P. Olson 0-0: Ball
1-0: SINGLE (Groundball, 34D, EV 100.0 MPH)
D.J. Cooke scores
Batting: SHB John Cummings 0-0: Ball
Passed Ball!
J.P. Olson to second
1-0: Ball
2-0: Called Strike
J.P. Olson steals 3rd base
2-1: Foul Ball, location: 2F
2-2: Foul Ball, location: 2F
2-2: Fly out, F1 (Line Drive, P, EV 70.0 MPH)
Batting: RHB Dustin Legault 0-0: Called Strike
0-1: Swinging Strike
0-2: Strikes out swinging
Bottom of the 7th over - 1 run, 2 hits, 0 errors, 1 left on base; Hagerstown 4 - Kane County 4
TOP OF THE 8TH
Hagerstown Suns batting - Pitching for Kane County Cougars : LHP Jeff Haight
Pitching: RHP Sam Lewis
Batting: LHB Chance McWilliams 0-0: Called Strike
0-1: Ground out U3 (Groundball, 34, EV 79.4 MPH)
Batting: RHB Deshawn Boseman 0-0: Ball
1-0: Ball
2-0: SINGLE (Flyball, 8LS, EV 98.1 MPH)
Batting: RHB Nick Moreno 0-0: Called Strike
0-1: DOUBLE (Line Drive, 9LM, EV 109.4 MPH)
Deshawn Boseman to third
Batting: RHB Steve Bauman 0-0: Foul Ball, location: 2F
0-1: Foul Ball, location: 2F
0-2: Ball
1-2: Ball
2-2: Foul Ball, location: 2F
2-2: SINGLE (Groundball, 4M, EV 105.0 MPH)
Deshawn Boseman scores
Nick Moreno to third
Runner from 3rd tries for Home, SAFE, throw by CF to home
Batting: SHB Curtis DeLille 0-0: Ball
1-0: Ball
2-0: Called Strike
2-1: Foul Ball, location: 2F
2-2: Ball
3-2: SINGLE (Groundball, 3D, EV 96.2 MPH)
Steve Bauman to second
Runner from 2nd tries for 3rd, OUT! 9-5
Batting: RHB Jelexiz Cuenca 0-0: Foul Ball, location: 2F
0-1: Foul Ball, location: 2F
0-2: Fielders Choice at 2nd, 6-4 (Groundball, 56, EV 85.0 MPH)
Top of the 8th over - 2 runs, 4 hits, 0 errors, 1 left on base; Hagerstown 6 - Kane County 4
BOTTOM OF THE 8TH
Kane County Cougars batting - Pitching for Hagerstown Suns : LHP Anton Erlykov
Pitching: RHP Chris Doty
Batting: RHB Sergio Manzanero 0-0: Foul Ball, location: 2F
0-1: Ball
1-1: Called Strike
1-2: Foul Ball, location: 2F
1-2: Strikes out looking
Batting: LHB Jeff Trapp 0-0: Ball
1-0: Swinging Strike
1-1: Ball
2-1: Swinging Strike
2-2: Ball
3-2: Strikes out swinging
Batting: RHB Gary Hills 0-0: Ball
1-0: Ground out 4-3 (Groundball, 4, EV 81.2 MPH)
Bottom of the 8th over - 0 runs, 0 hits, 0 errors, 0 left on base; Hagerstown 6 - Kane County 4
TOP OF THE 9TH
Hagerstown Suns batting - Pitching for Kane County Cougars : RHP Sam Lewis
Batting: RHB John Gibbs 0-0: Ground out 6-3 (Groundball, 6, EV 85.6 MPH)
Batting: RHB Victor Cintron 0-0: Fly out, F6 (Line Drive, 6M, EV 87.5 MPH)
Batting: RHB Antonio Vallez 0-0: Called Strike
0-1: SOLO HOME RUN (Flyball, 7LD, EV 96.2 MPH), Distance : 356 ft
Pitching: RHP Shigezo Shoji
Batting: LHB Chance McWilliams 0-0: Ground out 6-3 (Groundball, 6, EV 86.9 MPH)
Top of the 9th over - 1 run, 1 hit, 0 errors, 0 left on base; Hagerstown 7 - Kane County 4
BOTTOM OF THE 9TH
Kane County Cougars batting - Pitching for Hagerstown Suns : RHP Chris Doty
Pitching: RHP Gareth Cutts
Batting: RHB Ernesto Zamora 0-0: Ground out 5-3 (Groundball, 56, EV 85.6 MPH)
Batting: RHB D.J. Cooke 0-0: Ball
1-0: Foul Ball, location: 2F
1-1: Called Strike
1-2: Fly out, F9 (Flyball, 9D, EV 79.4 MPH)
Batting: RHB Longfellow Wetzler 0-0: Ground out 4-3 (Groundball, 4S, EV 85.6 MPH)
Bottom of the 9th over - 0 runs, 0 hits, 0 errors, 0 left on base; Hagerstown 7 - Kane County 4
Tuesday, March 28th , 2023 - OOTP Baseball 23.10 Build 110